 Dungeon Crawl Stone Soup version 0.28-a0-1412-gf95308ed99 (webtiles) character file.

Game seed: 2378082607502486826

18 siradein the Skirmisher (level 2, -1/25 HPs)
             Began as a Djinni Cinder Acolyte on Jan 6, 2022.
             Was a High Priest of Ignis.
             Slain by an adder (2 damage)
             ... on level 2 of the Dungeon.
             The game lasted 00:01:45 (1255 turns).

siradein the Skirmisher (Djinni Cinder Acolyte)     Turns: 1255, Time: 00:01:46

Health: -1/25      AC:  3    Str: 13    XL:     2   Next: 90%
Gold:   58         EV: 11    Int: 15    God:    Ignis [*****.] SH:  0 Dex:  8

rFire   + + +      SeeInvis .   h - +0 long sword
rCold   x . .      Faith    .   (no shield)
rNeg    . . .      Spirit   .   e - +0 leather armour
rPois   ∞          Reflect  .   (no helmet)
rElec   .          Harm     .   (no cloak)
rCorr   .          Rampage  .   (no gloves)
Will    .....                   (boots unavailable)
Stlth   +.........              (no amulet)
HPRegen 0.08/turn               (no ring)
MPRegen 0.00/turn               (no ring)

@: flying
A: sickness immunity, fire resistance 2, cold vulnerability 1, float, innate
caster, hp casting, extra vitality 1
a: Renounce Religion, Fiery Armour, Foxfire Swarm, Rising Flame


You were on level 2 of the Dungeon.
You worshipped Ignis.
Ignis was extremely pleased with you.
You visited 1 branch of the dungeon, and saw 2 of its levels.

You collected 58 gold pieces.

Inventory:

Hand Weapons
 h - a +0 long sword (weapon)
Missiles
 d - 2 throwing nets
Armour
 e - a +0 leather armour (worn)
Jewellery
 i - a ring of resist corrosion
Scrolls
 a - a scroll of identify {unknown}
 b - a scroll of noise {unknown}
 c - a scroll of fear {unknown}
 g - a scroll of vulnerability {unknown}
Potions
 f - a potion of haste {unknown}
 j - a potion of resistance {unknown}
 k - a potion of flight {unknown}


   Skills:
 + Level 3.2 Fighting
 + Level 2.9 Long Blades
 + Level 0.7 Armour
 + Level 0.9 Dodging
 + Level 2.5 Spellcasting


You had 4 spell levels left.
You knew the following spells:

 Your Spells              Type           Power      Damage    Failure   Level
a - Scorch                Fire           18%        2d5       14%         2
Your spell library was empty.

Dungeon Overview and Level Annotations

Branches:
Dungeon (2/15)

Altars:


Innate Abilities, Weirdness & Mutations

You are immune to sickness and miasma.
You are immune to poison.
Your flesh is very heat resistant. (rF++)
You are vulnerable to cold. (rC-)
You float through the air rather than walking.
You learn spells naturally, not from books.
Your magical power is your life essence.
You have superior vitality. (+4 MHP)


Message History

You barely miss the adder.
The adder is almost dead.
The adder bites you but does no damage.
You closely miss the adder.
The adder is almost dead.
The adder closely misses you. The adder barely misses you.
You closely miss the adder.
The adder is almost dead.
The adder bites you.
* * * LOW HITPOINT WARNING * * *
The adder bites you but does no damage.
You barely miss the adder.
The adder is severely wounded.
The adder closely misses you.
You hit the adder.
The adder is almost dead.
The adder bites you.
* * * LOW HITPOINT WARNING * * *
The adder barely misses you.
You closely miss the adder.
The adder is almost dead.
The adder bites you.
* * * LOW HITPOINT WARNING * * *
You closely miss the adder.
The adder is almost dead.
The adder barely misses you. The adder bites you but does no damage.
You barely miss the adder.
The adder is almost dead.
The adder misses you. The adder bites you but does no damage.
You barely miss the adder.
The adder is almost dead.
The adder barely misses you.
You barely miss the adder.
The adder is almost dead.
The adder closely misses you. The adder bites you.
* * * LOW HITPOINT WARNING * * *
You closely miss the adder.
The adder is almost dead.
The adder bites you but does no damage. The adder bites you.
You die...

.### ####
....#####...
...........#
...........#
...........#
.......S..?#
.......@...#
...........######
..(.............# .#
......†....####.###.#
.$.......)..........#
#.#######†#†.........
# ...#..........
#####..........
#..............


You could see an adder.

Vanquished Creatures
  2 bats (D:1)
  3 endoplasms
  A giant cockroach (D:1)
  A goblin (D:2)
  2 hobgoblins
  3 kobolds
  A quokka (D:2)
  3 frilled lizards
16 creatures vanquished.

Notes
Turn   | Place    | Note
-------+----------+-------------------------------------------
     0 | D:1      | siradein the Djinni Cinder Acolyte began the quest for the
                  | Orb.
     0 | D:1      | Reached XP level 1. HP: 20/20 MP: 0/0
   326 | D:1      | Reached XP level 2. HP: 25/25 MP: 0/0
   392 | D:1      | Found a faded altar of an unknown god.
  1254 | D:2      | HP: 1/25 [adder (2)]
  1255 | D:2      | Slain by an adder

Illustrated notes

Levels and vault maps discovered:
D:1:      wander_arrival_estate, layout_loops_ring,
          chequers_ecumenical_altar_twisty, serial_glass, glass_columns_a,
          glass_columns_b
D:2:      layout_basic

Action                   || total
-------------------------++-------
Melee: Falchion          ||    20
       Long sword        ||    60
Armor: Leather armour    ||    33
Dodge: Dodged            ||    45

Table legend: (Time is in decaauts)
 A = Elapsed time spent in this place.
 B = Non-inter-level travel time spent in this place.
 C = Inter-level travel time spent in this place.
 D = Time resting spent in this place.
 E = Time spent auto-exploring this place.
 F = Levels seen in this place.
 G = Mean time per level.
                   A        B        C        D        E       F      G
               +--------+--------+--------+--------+--------+-----+--------+
         Total |   1272 |   1236 |     36 |      0 |    972 |   2 |  636.0 |
       Dungeon |   1272 |   1236 |     36 |      0 |    972 |   2 |  636.0 |
               +--------+--------+--------+--------+--------+-----+--------+

Top non-repeatable levels by time:
     D:1: 955 daAuts
     D:2: 316 daAuts
